 Dungeon Crawl Stone Soup version 0.17-a0-1837-g7c6a762 (webtiles) character file.

60 AvaKnavely the Skirmisher (level 4, -12/29 HPs)
             Began as a Kobold Abyssal Knight on Sept 16, 2015.
             Was a Believer of Lugonu.
             Killed by nerve-wracking pain
             ... invoked by Jessica
              (14 damage)
             ... on level 2 of the Dungeon.
             The game lasted 00:06:55 (1637 turns).

AvaKnavely the Skirmisher (Kobold Abyssal Knight)   Turns: 1637, Time: 00:06:55

Health: -12/29     AC:  4    Str: 10    XL:     4   Next: 24%
Magic:  4/5        EV: 16    Int: 10    God:    Lugonu [**....]
Gold:   110        SH:  0    Dex: 16    Spells: 0 memorised, 3 levels left

rFire  . . .     SeeInvis .     a - +1 short sword
rCold  . . .     Clarity  .     b - +0 leather armour
rNeg   . . .     SustAt   .     (shield restricted)
rPois  .         Gourm    .     (no helmet)
rElec  .         Spirit   .     g - +0 cloak
rCorr  .         Warding  .     (no gloves)
rMut   .         Stasis   .     (no boots)
MR     .....                    (no amulet)
Stlth  +.........               (no ring)
                                (no ring)

@: very slightly contaminated, invisible, not resistant to hostile enchantments,
very unstealthy
A: carnivore 3
a: Depart the Abyss, Bend Space, Renounce Religion


You were on level 2 of the Dungeon.
You worshipped Lugonu.
Lugonu was pleased with you.
You were very full.

You visited 1 branch of the dungeon, and saw 2 of its levels.
You visited the Abyss 1 time.

You collected 110 gold pieces.

Inventory:

Hand weapons
 a - a +1 short sword (weapon)
Armour
 b - a +0 leather armour (worn)
 g - a +0 cloak (worn)
Scrolls
 e - a scroll of immolation
 f - 2 scrolls of identify
 j - a scroll of teleportation {unknown}
 k - 3 scrolls of enchant weapon
 m - 2 scrolls of enchant armour {unknown}
Potions
 h - a potion of might {unknown}
 i - a potion of degeneration {unknown}
 l - a potion of haste {unknown}
 n - 2 potions of brilliance
Comestibles
 c - 3 meat rations
 d - a beef jerky


   Skills:
 + Level 3.8 Fighting
 * Level 3.2 Short Blades
 - Level 1.2 Armour
 - Level 3.7 Dodging
 + Level 2.3 Invocations


You had 3 spell levels left.
You didn't know any spells.

Dungeon Overview and Level Annotations

Branches:
Dungeon (2/15)

Altars:
Kikubaaqudgha
Nemelex Xobeh

Annotations:
D:2 Jessica


Innate Abilities, Weirdness & Mutations

You are small and have problems with some larger weapons.
You are carnivorous and can eat meat at any time.


Message History

You hit Jessica but do no damage. Jessica closely misses you.
Jessica barely misses you.
You barely miss Jessica. Jessica hits you.
* * * LOW HITPOINT WARNING * * *
Jessica hits you.
* * * LOW HITPOINT WARNING * * *
Use which ability?
Space bends around you!
You blink.
* * * LOW HITPOINT WARNING * * *
You feel slightly less full. Jessica gestures at you while chanting.
Pain shoots through your body!
* * * LOW HITPOINT WARNING * * *
It was a potion of invisibility.
You fade into invisibility!
You are very lightly contaminated with residual magic.
You feel yourself speed up.
Jessica gestures at something while chanting.
Pain shoots through your body!
You die...

#.....##.#.........#....#
#....)##.####......#.##..
#....>##.####...#.......#
#......................##
#.......(.<......#.......
#.....##.#.....#.#####...
#.....##.#.)...#.# ###...
##.....##.##...##.# #...#.
#......#.@####....###.####
##.######.########..##.# #
##..####...##...........# #
##....#..@.....###...รท...####
##..##...##...[.##..........##
#..####.####................#
#.##..#'#..##...##..........##
#.##.......##..###............
#..##.._..##...###.......8.^..


You could see Jessica.

Vanquished Creatures
  An adder (D:2)
  A worm (D:2)
  3 giant geckos (D:2)
  5 goblins
  6 hobgoblins
  11 jackals
  A ball python (D:1)
  5 bats
  3 giant cockroaches
  A giant newt (D:2)
  5 kobolds
  A quokka (D:2)
  2 rats (D:1)
45 creatures vanquished.

Notes
Turn   | Place    | Note
--------------------------------------------------------------
     0 | Abyss:1  | AvaKnavely the Kobold Abyssal Knight began the quest for the Orb.
     0 | Abyss:1  | Reached XP level 1. HP: 14/14 MP: 2/2
    50 | Abyss:1  | Noticed a small abomination
    54 | Abyss:1  | Noticed a large abomination
    55 | Abyss:1  | Noticed a blizzard demon
    56 | D:1      | Escaped the Abyss
   414 | D:1      | Acquired Lugonu's first power
   414 | D:1      | Reached XP level 2. HP: 17/19 MP: 3/3
   830 | D:1      | Reached skill level 1 in Armour
   830 | D:1      | Reached XP level 3. HP: 13/24 MP: 4/4
   965 | D:2      | Found an ancient bone altar of Kikubaaqudgha.
  1194 | D:2      | Found a faded altar to an unknown god.
  1511 | D:2      | Acquired Lugonu's second power
  1511 | D:2      | Reached XP level 4. HP: 29/29 MP: 5/5
  1619 | D:2      | Found a sparkling altar of Nemelex Xobeh.
  1619 | D:2      | Noticed Jessica
  1630 | D:2      | HP: 1/29 [Jessica/nerve-wracking pain (1)]
  1637 | D:2      | Killed from afar by Jessica

Vault maps used:
D:1:      matt_arrival_refuge
D:2:      overflow_temple_1_default, ecumenical_altar_2,
          nemelex_lonely_heart_becter

Action                   |  1- 3 |  4- 6 || total
-------------------------+-------+-------++-------
Melee: Short sword       |   132 |    42 ||   174
Invok: Depart the Abyss  |     1 |       ||     1
       Bend Space        |       |     1 ||     1
  Use: Scroll            |     3 |       ||     3
       Potion            |       |     1 ||     1
 Stab: Sleeping          |     1 |       ||     1
  Eat: Chunk             |     9 |       ||     9
